 Dungeon Crawl Stone Soup version 0.28.0 (webtiles) character file.

Game seed: 8671022921095456447

2602 browni3141 the Cleaver (level 9, -7/82 HPs)
             Began as a Minotaur Berserker on Feb 17, 2022.
             Was a Believer of Trog.
             Mangled by Harold (23 damage)
             ... on level 7 of the Dungeon.
             The game lasted 00:03:02 (6629 turns).

browni3141 the Cleaver (Minotaur Berserker)         Turns: 6629, Time: 00:03:02

Health: -7/82      AC: 14    Str: 27    XL:     9   Next: 33%
Magic:  8/8        EV: 14    Int:  4    God:    Trog [**....]
Gold:   439        SH:  5    Dex:  9    Spells: 8/8 levels left

rFire   + . .      SeeInvis .   a - +0 hand axe
rCold   . . .      Faith    .   (no shield)
rNeg    . . .      Spirit   .   v - +0 scale mail
rPois   .          Reflect  +   (helmet restricted)
rElec   .          Harm     .   r - +0 cloak
rCorr   .          Rampage  .   g - +2 pair of gloves
Will    ++...                   h - +0 pair of boots
Stlth   ..........              w - amulet of reflection
HPRegen 1.23/turn               F - ring of protection from fire
MPRegen 0.11/turn               E - +4 ring of evasion

@: lethally poisoned (-7 -> -30), strong-willed (expiring), on berserk cooldown,
regenerating (expiring), slowed, very slow
A: horns 2, retaliatory headbutt
a: Renounce Religion, Berserk, Trog's Hand


You were on level 7 of the Dungeon.
You worshipped Trog.
Trog was pleased with you.
You visited 1 branch of the dungeon, and saw 7 of its levels.

You collected 439 gold pieces.


Innate Abilities, Weirdness & Mutations

You have a pair of horns on your head.
You reflexively headbutt those who attack you in melee.


   Skills:
 + Level 8.5 Fighting
 * Level 11.3 Axes
 + Level 8.0 Armour
 - Level 2.1 Dodging


You had 8 spell levels left.
You didn't know any spells.
Your spell library was empty.

Inventory:

Hand Weapons
 a - a +0 hand axe (weapon)
Armour
 b - a +0 animal skin
 g - a +2 pair of gloves (worn)
 h - a +0 pair of boots (worn)
 l - a +0 pair of gloves
 r - a +0 cloak (worn)
 v - a +0 scale mail (worn)
Jewellery
 w - an amulet of reflection (around neck)
 C - a ring of protection from cold
 E - a +4 ring of evasion (right hand)
 F - a ring of protection from fire (left hand)
Wands
 o - a wand of flame (24)
 s - a wand of digging (9)
 x - a wand of acid (3)
Scrolls
 c - 3 scrolls of amnesia {unknown}
 f - a scroll of blinking {unknown}
 i - 4 scrolls of identify {unknown}
 k - 2 scrolls of teleportation {unknown}
 n - 2 scrolls of silence {unknown}
 p - 2 scrolls of enchant weapon {unknown}
 t - 2 scrolls of fear {unknown}
Potions
 d - 2 potions of mutation {unknown}
 e - a potion of cancellation {unknown}
 j - 2 potions of brilliance {unknown}
 m - a potion of heal wounds {unknown}
 q - a potion of attraction {unknown}
 u - a potion of curing {unknown}
 z - a potion of ambrosia {unknown}

Dungeon Overview and Level Annotations

Branches:
Dungeon (7/15)             Temple (0/1) D:6

Altars:
Ru
Zin

Annotations:
D:7 Harold

¦¦...¦¦¦¦¦
¦¦¦¦........¦
....>.....¦.¦¦
.............
............
¦.......¦
¦.¦¦...@.¦¦?¦
¦.....¦@)...¦


¦))¦¦¦¦¦ ¦¦.¦¦ ¦...¦ ¦...¦ ¦...¦ ¦¦¦¦¦>..¦¦¦¦¦ ¦¦...........¦¦. .......(........
You could see Harold (corroded).


Message History

Harold hits you from afar with a +0 glaive of venom.
You are poisoned.
You feel the effects of Trog's Hand fading.
You feel very sick. Harold misses you.
Harold hits you with a +0 glaive of venom.
You are more poisoned.
Items here: $ )) [ †.
You hit Harold. You headbutt Harold!
Harold is heavily wounded.
You feel very sick.
Harold hits you with a +0 glaive of venom.
You are more poisoned.
You barely miss Harold.
Harold is heavily wounded.
You feel very sick.
Harold hits you with a +0 glaive of venom!
You are more poisoned.
You slash Harold!
Harold is heavily wounded.
You feel extremely sick.
Harold hits you with a +0 glaive of venom!
* * * LOW HITPOINT WARNING * * *
You are lethally poisoned!
You slash Harold!
Harold is severely wounded.
* * * LOW HITPOINT WARNING * * *
You feel extremely sick.
Harold hits you with a +0 glaive of venom!!
You die...

Skill      XL: |  1  2  3  4  5  6  7  8  9 |
---------------+----------------------------+-----
Axes           | 4 5 6 7 8 10 11 | 11.3
Fighting       | 4 5 6 7 8 |  8.5
Armour         | 3 4 5 6 7 8 |  8.0
Dodging        | |  2.1

Action                   |  1- 3 |  4- 6 |  7- 9 || total
-------------------------+-------+-------+-------++-------
Melee: Hand axe          |    96 |    53 |   127 ||   276
       Headbutt          |     8 |     8 |    30 ||    46
       Punch             |       |       |     3 ||     3
Invok: Berserk           |     1 |     3 |     7 ||    11
       Trog's Hand       |       |       |     1 ||     1
Evoke: Wand              |       |       |     2 ||     2
 Stab: Sleeping          |     1 |       |       ||     1
Armor: Animal skin       |    13 |    15 |     5 ||    33
       Scale mail        |       |       |    22 ||    22
Dodge: Dodged            |    66 |    28 |    88 ||   182
Block: Other             |       |       |    17 ||    17

Levels and vault maps discovered:
D:1:      tarquinn_simple_flora_water_b, layout_rooms,
          hellmonk_ecumenical_altar_inner_sanctum, minmay_crystal_water,
          minmay_rat_gold_closets
D:2:      layout_basic, basic_altar, due_unseen_surprise
D:3:      layout_loops_ring
D:4:      layout_loops_ring, zin_scriptorium, uniq_crazy_yiuf_cottage,
          uniq_blork_the_orc, uniq_eustachio, uniq_pikel
D:5:      layout_basic, uniq_menkaure
D:6:      layout_basic, temple_fountains, serial_corexii_hall,
          chequers_hall_statues_corner_a, corexii_hall_statues_l
D:7:      layout_loops_cross, enter_ossuary_2, uniq_harold, uniq_maggie

Notes
Turn   | Place    | Note
-------+----------+-------------------------------------------
     0 | D:1      | browni3141 the Minotaur Berserker began the quest for the
                  | Orb.
     0 | D:1      | Reached XP level 1. HP: 19/19 MP: 0/0
   174 | D:1      | Reached skill level 4 in Axes
   201 | D:1      | Reached XP level 2. HP: 25/27 MP: 1/1
   474 | D:1      | Reached skill level 4 in Fighting
   593 | D:1      | Reached skill level 3 in Armour
   593 | D:1      | Reached XP level 3. HP: 29/33 MP: 2/2
   629 | D:1      | Reached ** piety under Trog
   804 | D:1      | Found a faded altar of an unknown god.
  1752 | D:2      | Found a sacrificial altar of Ru.
  2025 | D:3      | Reached XP level 4. HP: 37/40 MP: 3/3
  2139 | D:3      | Noticed a phantom
  2154 | D:3      | Killed a phantom
  2155 | D:3      | Reached skill level 5 in Axes
  2155 | D:3      | Reached XP level 5. HP: 47/47 MP: 4/4
  2375 | D:3      | Reached skill level 4 in Armour
  2517 | D:3      | Reached skill level 6 in Axes
  2902 | D:4      | Noticed Blork the orc
  2909 | D:4      | Killed Blork the orc
  2910 | D:4      | Reached skill level 5 in Fighting
  2910 | D:4      | Reached XP level 6. HP: 56/56 MP: 5/5
  3250 | D:4      | Noticed Pikel
  3259 | D:4      | Killed Pikel
  3260 | D:4      | Reached skill level 6 in Fighting
  3260 | D:4      | Reached skill level 7 in Axes
  3260 | D:4      | Reached skill level 5 in Armour
  3260 | D:4      | Reached XP level 7. HP: 63/63 MP: 6/6
  3806 | D:4      | Noticed Eustachio
  3818 | D:4      | Killed Eustachio
  3819 | D:4      | Reached skill level 8 in Axes
  4019 | D:4      | Found a runed translucent door.
  4020 | D:4      | Noticed Crazy Yiuf
  4076 | D:4      | Found a glowing silver altar of Zin.
  4121 | D:4      | Killed Crazy Yiuf
  4388 | D:5      | Entered Level 5 of the Dungeon
  4406 | D:5      | Noticed Menkaure
  4414 | D:5      | Killed Menkaure
  4415 | D:5      | Reached skill level 6 in Armour
  4415 | D:5      | Reached XP level 8. HP: 71/71 MP: 7/7
  4418 | D:5      | Reached skill level 9 in Axes
  5287 | D:5      | Reached skill level 7 in Fighting
  5465 | D:6      | Reached skill level 10 in Axes
  5465 | D:6      | Reached skill level 7 in Armour
  5625 | D:6      | Found a staircase to the Ecumenical Temple.
  6321 | D:7      | Reached XP level 9. HP: 81/81 MP: 8/8
  6389 | D:7      | Noticed a troll
  6396 | D:7      | Killed a troll
  6397 | D:7      | Reached skill level 8 in Fighting
  6575 | D:7      | Reached skill level 11 in Axes
  6614 | D:7      | Reached skill level 8 in Armour
  6618 | D:7      | Noticed Harold
  6629 | D:7      | Mangled by Harold

Vanquished Creatures
  Pikel (D:4)
  A troll (D:7)
  Eustachio (D:4)
  3 vampire mosquitoes (D:6)
  Menkaure (D:5)
  2 ice beasts
  A black bear (D:7)
  A necrophage (D:7)
  2 ogres (D:5)
  A phantom (D:3)
  Blork the orc (D:4)
  A scorpion (D:6)
  A gnoll sergeant (D:7)
  A water moccasin skeleton (D:3)
  3 howler monkeys (D:7)
  Crazy Yiuf (D:4)
  2 hounds
  A bullfrog skeleton (D:6)
  A howler monkey zombie (D:5)
  8 gnolls
  5 adders
  2 howler monkey skeletons (D:6)
  A shadow imp (D:6)
  A white imp (D:7)
  An ufetubus (D:7)
  An adder skeleton (D:4)
  A worm (D:2)
  5 orcs
  4 bats
  7 endoplasms
  3 giant cockroaches
  4 goblins
  7 hobgoblins
  4 jackals (D:1)
  9 kobolds
  3 quokkas
  4 ball pythons
  9 frilled lizards
  10 rats
115 creatures vanquished.

Table legend: (Time is in decaauts)
 A = Elapsed time spent in this place.
 B = Non-inter-level travel time spent in this place.
 C = Inter-level travel time spent in this place.
 D = Time resting spent in this place.
 E = Time spent auto-exploring this place.
 F = Levels seen in this place.
 G = Mean time per level.
                   A        B        C        D        E       F      G
               +--------+--------+--------+--------+--------+-----+--------+
         Total |   6702 |   6490 |    212 |   1592 |   4126 |   7 |  957.4 |
       Dungeon |   6702 |   6490 |    212 |   1592 |   4126 |   7 |  957.4 |
               +--------+--------+--------+--------+--------+-----+--------+

Top non-repeatable levels by time:
     D:4: 1530 daAuts
     D:5: 1062 daAuts
     D:1: 1038 daAuts
     D:3: 954 daAuts
     D:2: 923 daAuts
     D:6: 874 daAuts
     D:7: 318 daAuts

Table legend:
 A = Non-vault XP
 B = Vault XP
 C = Vault XP percentage of total XP
 D = Non-vault monster count
 E = Vault monster count
 F = Vault count percentage of total count
                 A         B        C        D         E       F
            +---------+---------+-------+---------+---------+-------
      Total |    2594 |    1124 |  30.2 |     104 |      11 |   9.6
            +---------+---------+-------+---------+---------+-------
        D:1 |      52 |       6 |  10.3 |      30 |       6 |  16.7
        D:2 |      33 |       0 |   0.0 |      14 |       0 |   0.0
        D:3 |     213 |       0 |   0.0 |      15 |       0 |   0.0
        D:4 |      30 |     946 |  96.9 |       8 |       4 |  33.3
        D:5 |     408 |     172 |  29.7 |       6 |       1 |  14.3
        D:6 |     826 |       0 |   0.0 |      16 |       0 |   0.0
        D:7 |    1032 |       0 |   0.0 |      15 |       0 |   0.0
            +---------+---------+-------+---------+---------+-------
